 Dungeon Crawl Stone Soup version 0.31-a0-198-g2ad674f65e (webtiles) character file.

Game seed: 5583698671162350367

14 qw the Shooter (level 2, 0/16 HPs)
             Began as a Deep Elf Hunter on June 25, 2023.
             Succumbed to their own poison gas
             ... on level 1 of the Dungeon.
             The game lasted 00:00:15 (949 turns).

qw the Shooter (Deep Elf Hunter)                     Turns: 949, Time: 00:00:16

Health: 0/16       AC:  5    Str:  8    XL:     2   Next: 27%
Magic:  4/4        EV: 10    Int: 13    God:
Gold:   87         SH:  0    Dex: 18    Spells: 1/1 levels left

rFire   . . .        Y - +0 shortbow (flame)
rCold   . . .        (shield currently unavailable)
rNeg    . . .        g - +0 ring mail
rPois   .            (no helmet)
rElec   .            (no cloak)
rCorr   .            (no gloves)
SInv    .            (no boots)
Will    .....        (no amulet)
Stlth   +            (no ring)
HPRegen 0.22/turn    (no ring)
MPRegen 0.09/turn

%: no passive effects
@: lethally poisoned (0 -> -12), weak-willed
A: no striking features
a: no special abilities


You were on level 1 of the Dungeon.
You visited 1 branch of the dungeon, and saw 1 of its levels.

You collected 87 gold pieces.


   Skills:
 - Level 1.5 Fighting
 + Level 6.1 Ranged Weapons
 - Level 2.4 Dodging
 - Level 1.2 Stealth


You had one spell level left.
You didn't know any spells.
Your spell library was empty.

Inventory:

Hand Weapons
 Y - a +0 shortbow of flaming (weapon)
Armour
 g - a +0 ring mail (worn)
Potions
 e - a potion of haste {unknown}
 h - a potion of curing {unknown}
 j - a potion of ambrosia {unknown}
 k - a potion of brilliance {unknown}

Dungeon Overview and Level Annotations

Branches:
Dungeon (1/15)

Altars:


Message History

Magic quickly surges around you.
It was a scroll of vulnerability.
Done exploring.
913 ||| READING scroll labelled JYFYUCSE WUOL.
As you read the scroll labelled JYFYUCSE WUOL, it crumbles to dust.
Your body is wracked with pain!
It was a scroll of torment.
You start resting.
HP restored.
Done exploring.
945 ||| READING scroll labelled GAUBLAZ LOXORA.
The air fills with toxic fumes!
As you read the scroll labelled GAUBLAZ LOXORA, it crumbles to dust.
It was a scroll of poison.
Done exploring.
946 ||| DROPPING scroll of butterflies.
You drop a scroll of butterflies.
Done exploring.
(D) Dungeon
Where to? (* - list waypoints, ? - help)
What level of the Dungeon? (default 1, ? - help) Sorry, I don't know how to get there.
Enter note:
Enter note:
Enter note:
Enter note:
Enter note:
Enter note:
Enter note:
Enter note:
Enter note:
Enter note:
Enter note:
Enter note: Really walk into that cloud of poison gas?
You are engulfed in poison gas.
You are lethally poisoned!
You feel very sick.
948 ||| Stepping ~*~*~tactically~*~*~ (cloud).
You feel very sick.
You see here a scroll of butterflies.
There is a lethal amount of poison in your body!
You die...

#.#.#........###....##
#.###....¤¤¤¤# ####..##
#........¤¤¤¤# #......#
#####....¤¤¤¤# #....#.#
#....¤¤¤¤# #....#.### #¤...¤¤¤¤#
#....#...## ##¤##¤¤¤¤#
#.......... #¤¤¤¤¤¤¤¤#
#.......##. #¤¤¤¤@¤¤¤#
#.......... #¤¤¤¤¤¤¤¤#
#..........
##########¤¤¤¤¤¤¤¤###..........
#.......¤¤¤¤¤¤¤¤¤¤¤¤...........
#.#####################........
#.# #..................).......
#.# #.######.#############.....
#.###.### #.# #.....
##.#P~P.P#####################.#


There were no monsters in sight!

Vanquished Creatures
  A bat (D:1)
  3 endoplasms (D:1)
  A goblin (D:1)
  3 jackals (D:1)
  3 frilled lizards (D:1)
  A rat (D:1)
12 creatures vanquished.

Notes
Turn   | Place    | Note
-------+----------+-------------------------------------------
     0 | D:1      | qw the Deep Elf Hunter began the quest for the Orb.
     0 | D:1      | Reached XP level 1. HP: 12/12 MP: 3/3
     0 | D:1      | 0 ||| qw: Version: 0.3-a-22-g0ed2b0b
     0 | D:1      | 0 ||| qw: Game counter: 5002
     0 | D:1      | 0 ||| qw: Melee chars always use a shield: true
     0 | D:1      | 0 ||| qw: God list: Okawaru
     0 | D:1      | 0 ||| qw: Allow faded altars: false
     0 | D:1      | 0 ||| qw: Do Orc after clearing Dungeon:15 true
     0 | D:1      | 0 ||| qw: Do second Lair branch before Depths: true
     0 | D:1      | 0 ||| qw: Lair rune preference: random
     0 | D:1      | 0 ||| qw: Goals: Normal
     0 | D:1      | 0 ||| PLANNING D:1-11
   524 | D:1      | Reached skill level 6 in Ranged Weapons
   524 | D:1      | Reached XP level 2. HP: 16/16 MP: 4/4
   723 | D:1      | 723 ||| UPGRADING to +0 ring mail.
   733 | D:1      | 733 ||| DROPPING +0 leather armour.
   757 | D:1      | 757 ||| Stepping ~*~*~tactically~*~*~ (water).
   905 | D:1      | 905 ||| READING scroll labelled TEGUMEMEAR.
   906 | D:1      | 906 ||| READING scroll labelled FEIWEV WINLO.
   907 | D:1      | 907 ||| READING scroll labelled TEOXIBR FERO.
   912 | D:1      | 912 ||| READING scroll labelled XOUFFE QATH.
   913 | D:1      | 913 ||| READING scroll labelled JYFYUCSE WUOL.
   945 | D:1      | 945 ||| READING scroll labelled GAUBLAZ LOXORA.
   946 | D:1      | 946 ||| DROPPING scroll of butterflies.
   948 | D:1      | 948 ||| Stepping ~*~*~tactically~*~*~ (cloud).
   948 | D:1      | HP: 3/16 [poisoned by you (poison gas)]
   949 | D:1      | Succumbed to their own poison gas

Levels and vault maps discovered:
D:1:      dpeg_arrival_tiny_c, layout_basic, serial_bayou_lagoon_a

Skill      XL: |  1 |
---------------+----+-----
Ranged Weapons | 6 |  6.1
Fighting       | |  1.5
Dodging        | |  2.4
Stealth        | |  1.2

Action                     || total
---------------------------++-------
   Fire: Shortbow          ||    25
    Use: Scroll            ||     6
 Armour: Ring mail         ||     2
  Dodge: Dodged            ||     2

Table legend:
 A = Non-vault XP
 B = Vault XP
 C = Vault XP percentage of total XP
 D = Non-vault monster count
 E = Vault monster count
 F = Vault count percentage of total count
                 A         B        C        D         E       F
            +---------+---------+-------+---------+---------+-------
      Total |      20 |       0 |   0.0 |      12 |       0 |   0.0
            +---------+---------+-------+---------+---------+-------
        D:1 |      20 |       0 |   0.0 |      12 |       0 |   0.0
            +---------+---------+-------+---------+---------+-------
